cohdb
Replays
Latest Replays
All Replays
Popular Replays
Top Player Replays
Match Explorer
How It Works
Community
CoH3 Stats
Reddit
Sign in to upload your games and track your stats! →
Sign in with Steam
Match 43314405
Unlisted
Match 43314405
Overview
Messages
Build Orders
End
Royal Engineer Section
Construct Section Command Post
Infantry Section
Infantry Section
Selects Canadian Shock Battlegroup
Selects Offensive Resupply
Selects Canadian Shock Section
Canadian Shock Section
Construct Platoon Command Post
Selects Incendiary Munitions
Construct Field Infirmary
Construct Field Infirmary
Canadian Shock Section
Selects Burnout
Construct Company Command Post
Grenade Package
Selects Pyrotechnics
Matilda II Heavy Tank
Royal Engineer Section
Burnout
Infantry Training
Unlock M3 Grant Medium Tanks
M3 Grant Medium Tank
Armored Vehicle Training
REDACTED
Heavy Weapons Guy
WrebbsJohnsonGiver
Legionary
Ferevat
PakeTuertO
CoBrA <X-
N0.1<x-
0
0
Comments
sign in to comment!
No comments posted yet!